TRENTON WHALERS vs HARTFORD MONKEYS

Created - 5 novembre 2025 at 14:55

Goals
1 2 3 T
TRENTON WHALERS 3 1 1 5
HARTFORD MONKEYS 1 0 2 3
Shots
1 2 3 T
TRENTON WHALERS 14 20 18 52
HARTFORD MONKEYS 11 15 9 35

1st period

1. HARTFORD MONKEYS , Jonas Rondbjerg 1 (Gavin Brindley 1, Cameron Crotty 1) at 4:33
2. TRENTON WHALERS , Taylor Ward 2 (Michael Benning 1, Gabriel Szturc 1) at 10:17
3. TRENTON WHALERS , Cole Koepke 2 (Daniil Miromanov 3) at 12:42 (SH)
4. TRENTON WHALERS , Jason Polin 2 (Gabriel Szturc 2, Wyatt Kaiser 9) at 17:49

Penalties :
Gabriel Szturc (TRE) for Hooking (Minor) at 5:26, Maxwell Crozier (TRE) for High sticking (Minor) at 10:46

2nd period

5. TRENTON WHALERS , Sam Malinski 3 (Cole Koepke 6, Daniil Miromanov 4) at 12:17 (PP)

Penalties :
Keaton Middleton (HAR) for Holding (Minor) at 0:37, Taylor Ward (TRE) for Hooking (Minor) at 8:38, Samuel Bolduc (HAR) for Interference (Minor) at 11:33, Noel Hoefenmayer (TRE) for Cross-checking (Minor) at 13:08, Callum Tung (HAR) for Slashing (Minor) at 18:12 - David Goyette served the penalty.

3rd period

6. TRENTON WHALERS , Sam Morton 8 (Xavier Bourgault 3, Logan Morrison 3) at 4:52 (PP)
7. HARTFORD MONKEYS , Gavin Brindley 2 (William Trudeau 3, Jonas Rondbjerg 2) at 7:31
8. HARTFORD MONKEYS , Keaton Middleton 1 (David Goyette 8) at 13:50

Penalties :
William Trudeau (HAR) for Interference (Minor) at 3:12, Wyatt Kaiser (TRE) for Hooking (Minor) at 8:40

Goalie Stats

Clay Stevenson (TRE), 32 saves from 35 shots - (0,914), W, 5-3-0, 60:00 minutes
Callum Tung (HAR), 47 saves from 52 shots - (0,904), L, 0-2-0, 60:00 minutes

Players Stats for TRENTON WHALERS

Player Name              G  A  P  +/- PIM S  H  SB GA TA FO     MP     PP MP  PK MP  
------------------------------------------------------------------------------------
Alex Steeves             0  0  0  -1  0   0  0  0  0  0  0/0     0:38   0:02   0:07 
Cole Koepke              1  1  2  -1  0   6  2  0  0  0  5/12   23:14   3:27   5:41 
Daniil Miromanov         0  2  2  -1  0   8  1  2  0  0  0/1    21:33   3:27   4:26 
Gabriel Szturc           0  2  2   1  2   1  0  0  0  0  9/18   14:48   0:00   0:00 
Henrik Rybinski          0  0  0  -1  0   0  1  0  0  0  11/20  17:50   3:27   5:56 
Jason Polin              1  0  1   1  0   2  0  0  0  0  0/0    14:49   0:00   0:00 
Logan Morrison           0  1  1   0  0   5  0  0  0  0  17/28  21:20   2:55   3:59 
Massimo Rizzo            0  0  0   0  0   2  0  0  0  0  7/10    6:01   0:00   0:00 
Maxwell Crozier          0  0  0   0  2   0  0  1  0  0  0/0    12:49   0:02   0:16 
Michael Benning          0  1  1   2  0   2  0  0  0  0  0/0    21:31   2:40   2:10 
Michael Milne            0  0  0   0  0   0  0  0  0  0  0/0     6:01   0:00   0:00 
Noel Hoefenmayer         0  0  0   1  2   3  3  1  0  0  0/0    22:19   2:40   3:36 
Paul Ludwinski           0  0  0  -2  0   0  0  0  0  0  0/0     2:41   0:00   0:00 
Sam Malinski             1  0  1  -2  0   3  3  2  0  0  0/0    24:02   3:40   5:15 
Sam Morton               1  0  1   0  0   15 1  1  0  0  2/3    21:20   2:55   3:59 
Taylor Ward              1  0  1   1  2   1  2  0  0  0  0/1    14:56   0:00   0:08 
Wyatt Kaiser             0  1  1   1  2   1  1  0  0  0  0/0    26:47   3:40   4:07 
Xavier Bourgault         0  1  1   0  0   3  0  0  0  0  1/1    17:21   2:55   0:00 

Players Stats for HARTFORD MONKEYS

Player Name              G  A  P  +/- PIM S  H  SB GA TA FO     MP     PP MP  PK MP  
------------------------------------------------------------------------------------
Ben Hemmerling           0  0  0   0  0   0  0  0  0  0  1/1     8:50   1:26   0:25 
Brandon Gignac           0  0  0   2  0   1  0  0  0  0  6/10   15:41   0:00   1:37 
Cameron Crotty           0  1  1   2  0   1  3  0  0  0  0/0    11:26   0:00   0:35 
Corey Andonovski         0  0  0   0  0   3  4  0  0  0  0/3    27:09   5:12   2:32 
David Goyette            0  1  1  -1  0   6  1  0  0  0  16/32  23:21   5:02   1:41 
Declan Carlile           0  0  0   0  0   2  2  1  0  0  0/0    19:26   4:10   2:52 
Filip Mesar              0  0  0  -1  0   3  0  0  0  0  4/11   26:11   4:53   3:24 
Gavin Brindley           1  1  2   0  0   4  0  0  0  0  1/3    26:34   3:26   3:05 
Isaac Ratcliffe          0  0  0   0  0   0  0  0  0  0  0/0     4:31   0:29   0:00 
Jonas Rondbjerg          1  1  2   0  0   4  1  0  0  0  0/1    22:22   4:24   0:00 
Keaton Middleton         1  0  1   2  2   2  0  1  0  0  0/0    10:50   0:00   0:00 
Konnor Smith             0  0  0   0  0   0  0  0  0  0  0/0     0:00   0:00   0:00 
Logan Mailloux           0  0  0   0  0   3  1  4  0  0  0/0    19:26   4:10   2:52 
Noah Ostlund             0  0  0   0  0   2  0  0  0  0  14/33  18:59   4:53   0:00 
Ryan Ufko                0  0  0  -2  0   3  0  2  0  0  0/0    24:20   5:45   3:30 
Samuel Bolduc            0  0  0   0  2   0  0  0  0  0  0/0     5:42   0:00   0:20 
Topi Niemela             0  0  0   0  0   0  0  0  0  0  0/0     5:23   0:00   0:00 
William Trudeau          0  1  1  -2  2   1  5  0  0  0  0/0    23:24   5:45   2:35 

3 Stars

1 - Cole Koepke (TRE)
2 - Jason Polin (TRE)
3 - Jonas Rondbjerg (HAR)

Power Play

TRENTON WHALERS - 2 on 4 Attempt(s) - 50,00%
HARTFORD MONKEYS - 0 on 5 Attempt(s) - 0,00%

Penalty Kill

TRENTON WHALERS - 5 on 5 Attempt(s) - 100,00% - Score 1 goal in Penalty Kill
HARTFORD MONKEYS - 2 on 4 Attempt(s) - 50,00% - Score 0 goal in Penalty Kill

Team Stat

TRENTON WHALERS - Hits : 14 - Faceoff Wins : 52 - Blocked Shots : 7 - Penalty Minutes : 10
HARTFORD MONKEYS - Hits : 17 - Faceoff Wins : 42 - Blocked Shots : 8 - Penalty Minutes : 8

Official

Referees : Andrew Wilk and Jim Curtin
Linesman : Vaughan Rody and Travis Toomey

Game Notes

No Game Note

TRENTON WHALERS

5 vs 5 Forward 
   Center                   Left Wing                Right Wing               Time % Phy DF OF 
 1 Henrik Rybinski          Cole Koepke              Daniil Miromanov         36     1   2  2  
 2 Logan Morrison           Sam Morton               Xavier Bourgault         31     1   2  2  
 3 Gabriel Szturc           Taylor Ward              Jason Polin              23     1   2  2  
 4 Massimo Rizzo            Michael Milne            Cole Koepke              10     1   2  2  

5 vs 5 Defense 
   Defense                  Defense                                           Time % Phy DF OF 
 1 Wyatt Kaiser             Sam Malinski                                      36     1   2  2  
 2 Noel Hoefenmayer         Michael Benning                                   31     1   2  2  
 3 Maxwell Crozier          Wyatt Kaiser                                      23     1   2  2  
 4 Sam Malinski             Daniil Miromanov                                  10     1   2  2  

PowerPlay Forward 
   Center                   Left Wing                Right Wing               Time % Phy DF OF 
 1 Henrik Rybinski          Cole Koepke              Daniil Miromanov         55     1   2  2  
 2 Logan Morrison           Sam Morton               Xavier Bourgault         45     1   2  2  

PowerPlay Defense
   Defense                  Defense                                           Time % Phy DF OF 
 1 Wyatt Kaiser             Sam Malinski                                      55     1   2  2  
 2 Noel Hoefenmayer         Michael Benning                                   45     1   2  2  

Penalty Kill 4 Players Forward 
   Center                   Wing                     Time % Phy DF OF 
 1 Cole Koepke              Henrik Rybinski          55     1   2  2  
 2 Logan Morrison           Sam Morton               45     1   2  2  

Penalty Kill 4 Players Defense
   Defense                  Defense                  Time % Phy DF OF 
 1 Wyatt Kaiser             Sam Malinski             55     1   2  2  
 2 Daniil Miromanov         Noel Hoefenmayer         45     1   2  2  

Penalty Kill - 3 Players Forward 
   Forward                                           Time % Phy DF OF 
 1 Cole Koepke                                       55     1   2  2  
 2 Henrik Rybinski                                   45     1   2  2  

Penalty Kill - 3 Players Defense
   Defense                  Defense                  Time % Phy DF OF 
 1 Wyatt Kaiser             Sam Malinski             55     1   2  2  
 2 Daniil Miromanov         Noel Hoefenmayer         45     1   2  2  

4 vs 4 Forward 
   Center                   Wing                     Time % Phy DF OF 
 1 Cole Koepke              Henrik Rybinski          55     1   2  2  
 2 Logan Morrison           Sam Morton               45     1   2  2  

4 vs 4 Defense
   Defense                  Defense                  Time % Phy DF OF 
 1 Wyatt Kaiser             Sam Malinski             55     1   2  2  
 2 Daniil Miromanov         Noel Hoefenmayer         45     1   2  2  

Last Minutes Offensive
   Center                   Left Wing                Right Wing               Defense                  Defense                  
   Henrik Rybinski          Cole Koepke              Daniil Miromanov         Wyatt Kaiser             Sam Malinski             

Last Minutes Defensive
   Center                   Left Wing                Right Wing               Defense                  Defense                  
   Henrik Rybinski          Cole Koepke              Daniil Miromanov         Wyatt Kaiser             Sam Malinski             

Goaltenders
Starting : Clay Stevenson           
Backup : Jakub Skarek             

Extra Forwards
Normal : Paul Ludwinski, Alex Steeves, Taylor Ward - PP : Paul Ludwinski, Alex Steeves - PK : Taylor Ward
Extra Defensemen
Normal : Maxwell Crozier, Michael Benning, Noel Hoefenmayer - PP : Maxwell Crozier - PK : Michael Benning, Noel Hoefenmayer
Penalty Shots
Cole Koepke, Daniil Miromanov, Henrik Rybinski, Logan Morrison, Sam Morton

Scratches
Elias Pettersson Jr (Healthy), Borya Valis (Healthy), Dmitry Kuzmin (Healthy), Kevin Korchinski (Strained Right Elbow Injury), Jakob Pelletier (Strained Left Elbow Injury)
Angus Crookshank (Healthy), John Prokop (Healthy), Karsen Dorwart (Healthy), Patrick Giles (Healthy), Matias Rajaniemi (Healthy)
Matt Copponi (Healthy), Noah Philp (Healthy), Trey Taylor (Healthy), Talyn Boyko (Healthy)

HARTFORD MONKEYS

5 vs 5 Forward 
   Center                   Left Wing                Right Wing               Time % Phy DF OF 
 1 David Goyette            Gavin Brindley           Jonas Rondbjerg          36     1   2  2  
 2 Noah Ostlund             Corey Andonovski         Filip Mesar              31     1   2  2  
 3 Brandon Gignac           Gavin Brindley           Jonas Rondbjerg          23     1   2  2  
 4 David Goyette            Filip Mesar              Corey Andonovski         10     1   2  2  

5 vs 5 Defense 
   Defense                  Defense                                           Time % Phy DF OF 
 1 William Trudeau          Ryan Ufko                                         36     1   2  2  
 2 Declan Carlile           Logan Mailloux                                    31     1   2  2  
 3 Keaton Middleton         Cameron Crotty                                    23     1   2  2  
 4 Samuel Bolduc            Topi Niemela                                      10     1   2  2  

PowerPlay Forward 
   Center                   Left Wing                Right Wing               Time % Phy DF OF 
 1 David Goyette            Gavin Brindley           Jonas Rondbjerg          55     1   2  2  
 2 Noah Ostlund             Corey Andonovski         Filip Mesar              45     1   2  2  

PowerPlay Defense
   Defense                  Defense                                           Time % Phy DF OF 
 1 William Trudeau          Ryan Ufko                                         55     1   2  2  
 2 Declan Carlile           Logan Mailloux                                    45     1   2  2  

Penalty Kill 4 Players Forward 
   Center                   Wing                     Time % Phy DF OF 
 1 Filip Mesar              Gavin Brindley           55     1   2  2  
 2 David Goyette            Corey Andonovski         45     1   2  2  

Penalty Kill 4 Players Defense
   Defense                  Defense                  Time % Phy DF OF 
 1 William Trudeau          Ryan Ufko                55     1   2  2  
 2 Declan Carlile           Logan Mailloux           45     1   2  2  

Penalty Kill - 3 Players Forward 
   Forward                                           Time % Phy DF OF 
 1 David Goyette                                     55     1   2  2  
 2 Corey Andonovski                                  45     1   2  2  

Penalty Kill - 3 Players Defense
   Defense                  Defense                  Time % Phy DF OF 
 1 William Trudeau          Ryan Ufko                55     1   2  2  
 2 Declan Carlile           Logan Mailloux           45     1   2  2  

4 vs 4 Forward 
   Center                   Wing                     Time % Phy DF OF 
 1 Filip Mesar              Jonas Rondbjerg          55     1   2  2  
 2 David Goyette            Corey Andonovski         45     1   2  2  

4 vs 4 Defense
   Defense                  Defense                  Time % Phy DF OF 
 1 William Trudeau          Ryan Ufko                55     1   2  2  
 2 Declan Carlile           Logan Mailloux           45     1   2  2  

Last Minutes Offensive
   Center                   Left Wing                Right Wing               Defense                  Defense                  
   David Goyette            Corey Andonovski         Filip Mesar              William Trudeau          Ryan Ufko                

Last Minutes Defensive
   Center                   Left Wing                Right Wing               Defense                  Defense                  
   David Goyette            Corey Andonovski         Filip Mesar              William Trudeau          Ryan Ufko                

Goaltenders
Starting : Callum Tung              
Backup : Jordan Papirny           

Extra Forwards
Normal : Gavin Brindley, Jonas Rondbjerg, Brandon Gignac - PP : Gavin Brindley, Jonas Rondbjerg - PK : Brandon Gignac
Extra Defensemen
Normal : Keaton Middleton, Cameron Crotty, Samuel Bolduc - PP : Keaton Middleton - PK : Cameron Crotty, Samuel Bolduc
Penalty Shots
Brandon Gignac, Gavin Brindley, David Goyette, Corey Andonovski, Filip Mesar

Scratches
Chase Pietila (Healthy), Brad Lambert (Right Ankle Injury), Carson Golder (Healthy), Luke Mistelbacher (Healthy)

% Time on Ice - TRENTON WHALERS

Lines # - Real PCT - Wanted PCT - Time Play
Normal Forward
1 - 19% - 36% - 8:27
2 - 33% - 31% - 14:26
3 - 34% - 23% - 14:49
4 - 14% - 10% - 6:01
Normal Defense
1 - 17% - 36% - 7:35
2 - 38% - 31% - 16:41
3 - 27% - 23% - 11:55
4 - 17% - 10% - 7:32
PP Forward
1 - 54% - 55% - 3:27
2 - 46% - 45% - 2:55
PP Defense
1 - 58% - 55% - 3:40
2 - 42% - 45% - 2:42
PK Forward
1 - 60% - 55% - 5:56
2 - 40% - 45% - 3:59
PK Defense
1 - 53% - 55% - 5:15
2 - 47% - 45% - 4:40
PK3 Forward
1 - 0% - 55%
2 - 0% - 45%
PK3 Defense
1 - 0% - 55%
2 - 0% - 45%
44 Forward
1 - 0% - 55%
2 - 0% - 45%
44 Defense
1 - 0% - 55%
2 - 0% - 45%
Last Minute Offensive  - 0:00
Last Minute Defensive  - 0:00
Total
Forward - 60:00
Defense - 60:00

% Time on Ice - HARTFORD MONKEYS

Lines # - Real PCT - Wanted PCT - Time Play
Normal Forward
1 - 23% - 36% - 9:59
2 - 32% - 31% - 14:06
3 - 30% - 23% - 12:59
4 - 15% - 10% - 6:39
Normal Defense
1 - 35% - 36% - 15:05
2 - 28% - 31% - 12:24
3 - 25% - 23% - 10:51
4 - 12% - 10% - 5:23
PP Forward
1 - 51% - 55% - 5:02
2 - 49% - 45% - 4:53
PP Defense
1 - 58% - 55% - 5:45
2 - 42% - 45% - 4:10
PK Forward
1 - 60% - 55% - 3:50
2 - 40% - 45% - 2:32
PK Defense
1 - 55% - 55% - 3:30
2 - 45% - 45% - 2:52
PK3 Forward
1 - 0% - 55%
2 - 0% - 45%
PK3 Defense
1 - 0% - 55%
2 - 0% - 45%
44 Forward
1 - 0% - 55%
2 - 0% - 45%
44 Defense
1 - 0% - 55%
2 - 0% - 45%
Last Minute Offensive  - 0:00
Last Minute Defensive  - 0:00
Total
Forward - 60:00
Defense - 60:00

Play-by-Play

1st period


0:01 of 1st period - David Goyette wins face-off versus Henrik Rybinski in neutral zone.
0:07 of 1st period - Gavin Brindley is hit by Sam Malinski and loses puck.
0:24 of 1st period - Shot by Wyatt Kaiser.
0:24 of 1st period - Shot Misses the Net.
0:26 of 1st period - Shot by Cole Koepke.
0:26 of 1st period - Stopped by Callum Tung with a rebound.
0:28 of 1st period - Shot by Daniil Miromanov.
0:28 of 1st period - Stopped by Callum Tung without a rebound.
0:29 of 1st period - Noah Ostlund wins face-off versus Sam Morton in HARTFORD MONKEYS zone.
0:36 of 1st period - Icing by Michael Benning.
0:37 of 1st period - Logan Morrison wins face-off versus Noah Ostlund in TRENTON WHALERS zone.
1:11 of 1st period - Shot by Filip Mesar.
1:11 of 1st period - Shot Misses the Net.
1:13 of 1st period - Shot by Noah Ostlund.
1:13 of 1st period - Stopped by Clay Stevenson without a rebound.
1:14 of 1st period - Brandon Gignac wins face-off versus Gabriel Szturc in TRENTON WHALERS zone.
1:21 of 1st period - Shot by Gavin Brindley.
1:21 of 1st period - Shot Misses the Net.
1:23 of 1st period - Shot by Jonas Rondbjerg.
1:23 of 1st period - Stopped by Clay Stevenson without a rebound.
1:24 of 1st period - Massimo Rizzo wins face-off versus David Goyette in TRENTON WHALERS zone.
1:50 of 1st period - Shot by Sam Malinski.
1:50 of 1st period - Stopped by Callum Tung without a rebound.
1:51 of 1st period - Noah Ostlund wins face-off versus Gabriel Szturc in HARTFORD MONKEYS zone.
2:13 of 1st period - Off-side.
2:14 of 1st period - Brandon Gignac wins face-off versus Henrik Rybinski in neutral zone.
2:46 of 1st period - Shot by Cole Koepke.
2:46 of 1st period - Shot Misses the Net.
4:27 of 1st period - Shot by Brandon Gignac.
4:27 of 1st period - Stopped by Clay Stevenson with a rebound.
4:31 of 1st period - Shot by Gavin Brindley.
4:31 of 1st period - Stopped by Clay Stevenson with a rebound.
4:33 of 1st period - Shot by Jonas Rondbjerg.
4:33 of 1st period - Goal by Jonas Rondbjerg - TRENTON WHALERS : 0 - HARTFORD MONKEYS : 1.
4:34 of 1st period - Massimo Rizzo wins face-off versus Brandon Gignac in neutral zone.
4:47 of 1st period - Shot by Massimo Rizzo.
4:47 of 1st period - Shot Misses the Net.
4:49 of 1st period - Shot by Wyatt Kaiser.
4:49 of 1st period - Shot Misses the Net.
4:51 of 1st period - Shot by Michael Milne.
4:51 of 1st period - Shot Misses the Net.
4:53 of 1st period - Shot by Massimo Rizzo.
4:53 of 1st period - Shot Misses the Net.
4:55 of 1st period - Shot by Massimo Rizzo.
4:55 of 1st period - Stopped by Callum Tung without a rebound.
4:56 of 1st period - Noah Ostlund wins face-off versus Gabriel Szturc in HARTFORD MONKEYS zone.
5:02 of 1st period - Noah Ostlund is hit by Daniil Miromanov and loses puck.
5:26 of 1st period - Minor Penalty to Gabriel Szturc for Hooking.
5:27 of 1st period - Cole Koepke wins face-off versus Noah Ostlund in TRENTON WHALERS zone.
6:37 of 1st period - Shot by Logan Mailloux.
6:37 of 1st period - Stopped by Clay Stevenson without a rebound.
6:38 of 1st period - David Goyette wins face-off versus Logan Morrison in TRENTON WHALERS zone.
7:09 of 1st period - Shot by Cole Koepke.
7:09 of 1st period - Shot Misses the Net.
7:55 of 1st period - Shot by Corey Andonovski.
7:55 of 1st period - Stopped by Clay Stevenson with a rebound.
8:25 of 1st period - Shot by Logan Morrison.
8:25 of 1st period - Stopped by Callum Tung without a rebound.
8:26 of 1st period - Brandon Gignac wins face-off versus Logan Morrison in HARTFORD MONKEYS zone.
9:11 of 1st period - Logan Mailloux is hit by Cole Koepke and loses puck.
9:19 of 1st period - Cole Koepke is hit by Logan Mailloux and loses puck.
9:42 of 1st period - Icing by Logan Mailloux.
9:43 of 1st period - Brandon Gignac wins face-off versus Gabriel Szturc in HARTFORD MONKEYS zone.
10:13 of 1st period - Shot by Gabriel Szturc.
10:13 of 1st period - Stopped by Callum Tung with a rebound.
10:17 of 1st period - Shot by Taylor Ward.
10:17 of 1st period - Goal by Taylor Ward - TRENTON WHALERS : 1 - HARTFORD MONKEYS : 1.
10:18 of 1st period - Sam Morton wins face-off versus Noah Ostlund in neutral zone.
10:32 of 1st period - Sam Morton is hit by Cameron Crotty and loses puck.
10:46 of 1st period - Minor Penalty to Maxwell Crozier for High sticking.
10:47 of 1st period - David Goyette wins face-off versus Cole Koepke in TRENTON WHALERS zone.
10:52 of 1st period - Shot by Jonas Rondbjerg.
10:52 of 1st period - Shot Blocked by Daniil Miromanov.
11:09 of 1st period - Icing by David Goyette.
11:10 of 1st period - David Goyette wins face-off versus Cole Koepke in HARTFORD MONKEYS zone.
11:20 of 1st period - Shot by David Goyette.
11:20 of 1st period - Shot Misses the Net.
12:03 of 1st period - Shot by Filip Mesar.
12:03 of 1st period - Stopped by Clay Stevenson without a rebound.
12:04 of 1st period - Logan Morrison wins face-off versus David Goyette in TRENTON WHALERS zone.
12:04 of 1st period - Logan Morrison is hit by David Goyette.
12:42 of 1st period - Shot by Cole Koepke.
12:42 of 1st period - Goal by Cole Koepke - TRENTON WHALERS : 2 - HARTFORD MONKEYS : 1.
12:43 of 1st period - Logan Morrison wins face-off versus Noah Ostlund in neutral zone.
13:01 of 1st period - Taylor Ward is hit by Cameron Crotty.
13:39 of 1st period - Shot by Daniil Miromanov.
13:39 of 1st period - Shot Blocked by Logan Mailloux.
14:03 of 1st period - Shot by Logan Morrison.
14:03 of 1st period - Deflect By Sam Morton.
14:03 of 1st period - Shot Hit the Post.
14:05 of 1st period - Shot by Daniil Miromanov.
14:05 of 1st period - Stopped by Callum Tung without a rebound.
14:06 of 1st period - Massimo Rizzo wins face-off versus David Goyette in HARTFORD MONKEYS zone.
14:11 of 1st period - Shot by Cole Koepke.
14:11 of 1st period - Shot Misses the Net.
14:45 of 1st period - Shot by Massimo Rizzo.
14:45 of 1st period - Stopped by Callum Tung with a rebound.
15:18 of 1st period - Icing by Sam Malinski.
15:19 of 1st period - Gabriel Szturc wins face-off versus Corey Andonovski in TRENTON WHALERS zone.
16:25 of 1st period - Icing by Declan Carlile.
16:26 of 1st period - Massimo Rizzo wins face-off versus Brandon Gignac in HARTFORD MONKEYS zone.
17:10 of 1st period - Shot by Filip Mesar.
17:10 of 1st period - Shot Misses the Net.
17:12 of 1st period - Shot by David Goyette.
17:12 of 1st period - Stopped by Clay Stevenson without a rebound.
17:13 of 1st period - David Goyette wins face-off versus Gabriel Szturc in TRENTON WHALERS zone.
17:26 of 1st period - Shot by David Goyette.
17:26 of 1st period - Stopped by Clay Stevenson without a rebound.
17:27 of 1st period - Sam Morton wins face-off versus Noah Ostlund in TRENTON WHALERS zone.
17:41 of 1st period - Shot by Sam Morton.
17:41 of 1st period - Stopped by Callum Tung without a rebound.
17:42 of 1st period - Gabriel Szturc wins face-off versus David Goyette in HARTFORD MONKEYS zone.
17:47 of 1st period - Shot by Gabriel Szturc.
17:47 of 1st period - Shot Misses the Net.
17:49 of 1st period - Shot by Jason Polin.
17:49 of 1st period - Goal by Jason Polin - TRENTON WHALERS : 3 - HARTFORD MONKEYS : 1.
17:50 of 1st period - David Goyette wins face-off versus Cole Koepke in neutral zone.
18:01 of 1st period - Shot by Cole Koepke.
18:01 of 1st period - Shot Misses the Net.
18:07 of 1st period - Shot by Cole Koepke.
18:07 of 1st period - Shot Misses the Net.
18:09 of 1st period - Shot by Noel Hoefenmayer.
18:09 of 1st period - Stopped by Callum Tung without a rebound.
18:10 of 1st period - Logan Morrison wins face-off versus Noah Ostlund in HARTFORD MONKEYS zone.
18:20 of 1st period - Icing by Keaton Middleton.
18:21 of 1st period - Henrik Rybinski wins face-off versus Filip Mesar in HARTFORD MONKEYS zone.
18:41 of 1st period - Shot by Noah Ostlund.
18:41 of 1st period - Stopped by Clay Stevenson without a rebound.
18:42 of 1st period - David Goyette wins face-off versus Logan Morrison in TRENTON WHALERS zone.
18:57 of 1st period - Shot by Sam Morton.
18:57 of 1st period - Shot Misses the Net.
18:59 of 1st period - Shot by Sam Morton.
18:59 of 1st period - Shot Misses the Net.
19:06 of 1st period - Xavier Bourgault is hit by William Trudeau and loses puck.
19:09 of 1st period - Shot by Noel Hoefenmayer.
19:09 of 1st period - Stopped by Callum Tung without a rebound.
19:10 of 1st period - Noah Ostlund wins face-off versus Henrik Rybinski in HARTFORD MONKEYS zone.
19:20 of 1st period - Icing by Logan Mailloux.
19:21 of 1st period - Noah Ostlund wins face-off versus Gabriel Szturc in HARTFORD MONKEYS zone.
19:21 of 1st period - Noah Ostlund is hit by Taylor Ward.
19:36 of 1st period - Noah Ostlund is hit by Wyatt Kaiser and loses puck.
Goals for this period are 3 for TRENTON WHALERS vs 1 for HARTFORD MONKEYS.
Shots for this period are 14 for TRENTON WHALERS vs 11 for HARTFORD MONKEYS.

2nd period


0:01 of 2nd period - Henrik Rybinski wins face-off versus David Goyette in neutral zone.
0:25 of 2nd period - Shot by Daniil Miromanov.
0:25 of 2nd period - Stopped by Callum Tung without a rebound.
0:26 of 2nd period - Noah Ostlund wins face-off versus Logan Morrison in HARTFORD MONKEYS zone.
0:37 of 2nd period - Minor Penalty to Keaton Middleton for Holding.
0:38 of 2nd period - Henrik Rybinski wins face-off versus Filip Mesar in HARTFORD MONKEYS zone.
0:39 of 2nd period - Shot by Cole Koepke.
0:39 of 2nd period - Stopped by Callum Tung without a rebound.
0:40 of 2nd period - Henrik Rybinski wins face-off versus Filip Mesar in HARTFORD MONKEYS zone.
0:53 of 2nd period - Shot by Wyatt Kaiser.
0:53 of 2nd period - Shot Misses the Net.
1:05 of 2nd period - Shot by Cole Koepke.
1:05 of 2nd period - Shot Misses the Net.
1:07 of 2nd period - Shot by Daniil Miromanov.
1:07 of 2nd period - Stopped by Callum Tung without a rebound.
1:08 of 2nd period - Logan Morrison wins face-off versus David Goyette in HARTFORD MONKEYS zone.
1:42 of 2nd period - Shot by Logan Morrison.
1:42 of 2nd period - Shot Blocked by Logan Mailloux.
1:44 of 2nd period - Shot by Noel Hoefenmayer.
1:44 of 2nd period - Stopped by Callum Tung without a rebound.
1:45 of 2nd period - Filip Mesar wins face-off versus Henrik Rybinski in HARTFORD MONKEYS zone.
2:22 of 2nd period - Shot by Wyatt Kaiser.
2:22 of 2nd period - Shot Misses the Net.
2:56 of 2nd period - Shot by Jonas Rondbjerg.
2:56 of 2nd period - Deflect By Gavin Brindley.
2:56 of 2nd period - Stopped by Clay Stevenson without a rebound.
2:57 of 2nd period - Logan Morrison wins face-off versus Noah Ostlund in TRENTON WHALERS zone.
3:04 of 2nd period - Shot by Wyatt Kaiser.
3:04 of 2nd period - Shot Misses the Net.
3:10 of 2nd period - Shot by Sam Morton.
3:10 of 2nd period - Stopped by Callum Tung without a rebound.
3:11 of 2nd period - Gabriel Szturc wins face-off versus David Goyette in HARTFORD MONKEYS zone.
3:29 of 2nd period - Shot by Gavin Brindley.
3:29 of 2nd period - Stopped by Clay Stevenson without a rebound.
3:30 of 2nd period - Logan Morrison wins face-off versus Noah Ostlund in TRENTON WHALERS zone.
3:39 of 2nd period - Shot by Sam Morton.
3:39 of 2nd period - Stopped by Callum Tung without a rebound.
3:40 of 2nd period - Massimo Rizzo wins face-off versus David Goyette in HARTFORD MONKEYS zone.
4:44 of 2nd period - Shot by Gavin Brindley.
4:44 of 2nd period - Shot Blocked by Noel Hoefenmayer.
5:22 of 2nd period - Icing by Michael Benning.
5:23 of 2nd period - Logan Morrison wins face-off versus Noah Ostlund in TRENTON WHALERS zone.
5:23 of 2nd period - Logan Morrison is hit by Corey Andonovski.
5:34 of 2nd period - Icing by Keaton Middleton.
5:35 of 2nd period - Gabriel Szturc wins face-off versus Noah Ostlund in HARTFORD MONKEYS zone.
5:47 of 2nd period - Noah Ostlund is hit by Sam Malinski and loses puck.
6:10 of 2nd period - Shot by David Goyette.
6:10 of 2nd period - Shot Misses the Net.
6:12 of 2nd period - Shot by William Trudeau.
6:12 of 2nd period - Stopped by Clay Stevenson without a rebound.
6:13 of 2nd period - David Goyette wins face-off versus Massimo Rizzo in TRENTON WHALERS zone.
6:41 of 2nd period - Shot by Cole Koepke.
6:41 of 2nd period - Shot Misses the Net.
6:50 of 2nd period - Icing by William Trudeau.
6:51 of 2nd period - Logan Morrison wins face-off versus Gavin Brindley in HARTFORD MONKEYS zone.
6:54 of 2nd period - Shot by Sam Morton.
6:54 of 2nd period - Stopped by Callum Tung without a rebound.
6:55 of 2nd period - Logan Morrison wins face-off versus Noah Ostlund in HARTFORD MONKEYS zone.
7:04 of 2nd period - Shot by Sam Morton.
7:04 of 2nd period - Stopped by Callum Tung without a rebound.
7:05 of 2nd period - Noah Ostlund wins face-off versus Gabriel Szturc in HARTFORD MONKEYS zone.
7:11 of 2nd period - Icing by Keaton Middleton.
7:12 of 2nd period - Noah Ostlund wins face-off versus Henrik Rybinski in HARTFORD MONKEYS zone.
7:12 of 2nd period - Noah Ostlund is hit by Cole Koepke.
7:46 of 2nd period - Off-side.
7:47 of 2nd period - David Goyette wins face-off versus Logan Morrison in neutral zone.
7:56 of 2nd period - Shot by Jonas Rondbjerg.
7:56 of 2nd period - Shot Misses the Net.
8:04 of 2nd period - Shot by Logan Morrison.
8:04 of 2nd period - Shot Misses the Net.
8:06 of 2nd period - Shot by Sam Morton.
8:06 of 2nd period - Shot Misses the Net.
8:38 of 2nd period - Minor Penalty to Taylor Ward for Hooking.
8:39 of 2nd period - Noah Ostlund wins face-off versus Cole Koepke in TRENTON WHALERS zone.
8:42 of 2nd period - Shot by Corey Andonovski.
8:42 of 2nd period - Stopped by Clay Stevenson with a rebound.
8:44 of 2nd period - Shot by Declan Carlile.
8:44 of 2nd period - Stopped by Clay Stevenson without a rebound.
8:45 of 2nd period - Cole Koepke wins face-off versus Noah Ostlund in TRENTON WHALERS zone.
9:00 of 2nd period - Shot by Logan Mailloux.
9:00 of 2nd period - Stopped by Clay Stevenson with a rebound.
9:04 of 2nd period - Shot by Logan Mailloux.
9:04 of 2nd period - Shot Misses the Net.
9:06 of 2nd period - Shot by Noah Ostlund.
9:06 of 2nd period - Shot Misses the Net.
9:08 of 2nd period - Shot by Logan Mailloux.
9:08 of 2nd period - Shot Blocked by Sam Malinski.
9:10 of 2nd period - Shot by Noah Ostlund.
9:10 of 2nd period - Shot Misses the Net.
9:14 of 2nd period - Shot by Logan Mailloux.
9:14 of 2nd period - Shot Misses the Net.
9:16 of 2nd period - Shot by Declan Carlile.
9:16 of 2nd period - Stopped by Clay Stevenson with a rebound.
9:18 of 2nd period - Shot by Corey Andonovski.
9:18 of 2nd period - Shot Blocked by Sam Malinski.
9:44 of 2nd period - Shot by Ryan Ufko.
9:44 of 2nd period - Shot Misses the Net.
10:26 of 2nd period - Shot by Logan Mailloux.
10:26 of 2nd period - Deflect By Corey Andonovski.
10:26 of 2nd period - Shot Blocked by Sam Morton.
11:14 of 2nd period - Shot by Jason Polin.
11:14 of 2nd period - Stopped by Callum Tung without a rebound.
11:15 of 2nd period - Ben Hemmerling wins face-off versus Massimo Rizzo in HARTFORD MONKEYS zone.
11:33 of 2nd period - Minor Penalty to Samuel Bolduc for Interference.
11:34 of 2nd period - Filip Mesar wins face-off versus Logan Morrison in HARTFORD MONKEYS zone.
11:53 of 2nd period - Shot by Logan Morrison.
11:53 of 2nd period - Stopped by Callum Tung without a rebound.
11:54 of 2nd period - Henrik Rybinski wins face-off versus Filip Mesar in HARTFORD MONKEYS zone.
11:57 of 2nd period - Shot by Cole Koepke.
11:57 of 2nd period - Stopped by Callum Tung without a rebound.
11:58 of 2nd period - Filip Mesar wins face-off versus Henrik Rybinski in HARTFORD MONKEYS zone.
11:58 of 2nd period - Filip Mesar is hit by Henrik Rybinski.
12:15 of 2nd period - Shot by Cole Koepke.
12:15 of 2nd period - Stopped by Callum Tung with a rebound.
12:17 of 2nd period - Shot by Sam Malinski.
12:17 of 2nd period - Goal by Sam Malinski - TRENTON WHALERS : 4 - HARTFORD MONKEYS : 1.
12:18 of 2nd period - Logan Morrison wins face-off versus David Goyette in neutral zone.
12:36 of 2nd period - Shot by David Goyette.
12:36 of 2nd period - Deflect By Jonas Rondbjerg.
12:36 of 2nd period - Stopped by Clay Stevenson with a rebound.
12:41 of 2nd period - David Goyette is hit by Noel Hoefenmayer.
12:46 of 2nd period - David Goyette is hit by Noel Hoefenmayer and loses puck.
12:51 of 2nd period - Shot by Jonas Rondbjerg.
12:51 of 2nd period - Shot Misses the Net.
13:07 of 2nd period - Shot by Noah Ostlund.
13:07 of 2nd period - Shot Misses the Net.
13:08 of 2nd period - Minor Penalty to Noel Hoefenmayer for Cross-checking.
13:09 of 2nd period - Cole Koepke wins face-off versus Noah Ostlund in TRENTON WHALERS zone.
13:18 of 2nd period - Shot by Ryan Ufko.
13:18 of 2nd period - Stopped by Clay Stevenson with a rebound.
14:10 of 2nd period - Shot by David Goyette.
14:10 of 2nd period - Stopped by Clay Stevenson without a rebound.
14:11 of 2nd period - Cole Koepke wins face-off versus David Goyette in TRENTON WHALERS zone.
14:24 of 2nd period - Shot by Gavin Brindley.
14:24 of 2nd period - Shot Misses the Net.
14:26 of 2nd period - Shot by Jonas Rondbjerg.
14:26 of 2nd period - Deflect By David Goyette.
14:26 of 2nd period - Stopped by Clay Stevenson with a rebound.
14:28 of 2nd period - Shot by Jonas Rondbjerg.
14:28 of 2nd period - Stopped by Clay Stevenson without a rebound.
14:29 of 2nd period - Noah Ostlund wins face-off versus Cole Koepke in TRENTON WHALERS zone.
14:48 of 2nd period - Shot by Filip Mesar.
14:48 of 2nd period - Stopped by Clay Stevenson without a rebound.
14:49 of 2nd period - Logan Morrison wins face-off versus Jonas Rondbjerg in TRENTON WHALERS zone.
14:58 of 2nd period - Shot by Logan Mailloux.
14:58 of 2nd period - Shot Misses the Net.
15:00 of 2nd period - Shot by Logan Mailloux.
15:00 of 2nd period - Stopped by Clay Stevenson without a rebound.
15:01 of 2nd period - David Goyette wins face-off versus Logan Morrison in TRENTON WHALERS zone.
15:15 of 2nd period - Shot by Corey Andonovski.
15:15 of 2nd period - Shot Blocked by Maxwell Crozier.
16:22 of 2nd period - Daniil Miromanov is hit by William Trudeau and loses puck.
16:26 of 2nd period - Daniil Miromanov is hit by William Trudeau and loses puck.
17:53 of 2nd period - Shot by Noah Ostlund.
17:53 of 2nd period - Shot Misses the Net.
17:55 of 2nd period - Shot by Cameron Crotty.
17:55 of 2nd period - Stopped by Clay Stevenson without a rebound.
17:56 of 2nd period - Henrik Rybinski wins face-off versus David Goyette in TRENTON WHALERS zone.
18:12 of 2nd period - Shot by Cole Koepke.
18:12 of 2nd period - Stopped by Callum Tung without a rebound.
18:12 of 2nd period - Minor Penalty to Callum Tung for Slashing.
18:13 of 2nd period - Logan Morrison wins face-off versus Brandon Gignac in HARTFORD MONKEYS zone.
18:22 of 2nd period - Shot by Sam Morton.
18:22 of 2nd period - Stopped by Callum Tung without a rebound.
18:23 of 2nd period - Logan Morrison wins face-off versus Filip Mesar in HARTFORD MONKEYS zone.
18:30 of 2nd period - Shot by Sam Malinski.
18:30 of 2nd period - Shot Misses the Net.
18:32 of 2nd period - Shot by Wyatt Kaiser.
18:32 of 2nd period - Stopped by Callum Tung without a rebound.
18:33 of 2nd period - Henrik Rybinski wins face-off versus Corey Andonovski in HARTFORD MONKEYS zone.
18:51 of 2nd period - Daniil Miromanov is hit by William Trudeau and loses puck.
19:02 of 2nd period - Shot by Daniil Miromanov.
19:02 of 2nd period - Stopped by Callum Tung with a rebound.
19:31 of 2nd period - Shot by Xavier Bourgault.
19:31 of 2nd period - Stopped by Callum Tung with a rebound.
19:33 of 2nd period - Shot by Sam Malinski.
19:33 of 2nd period - Shot Misses the Net.
19:35 of 2nd period - Shot by Sam Malinski.
19:35 of 2nd period - Shot Blocked by Declan Carlile.
19:37 of 2nd period - Shot by Wyatt Kaiser.
19:37 of 2nd period - Shot Misses the Net.
19:39 of 2nd period - Shot by Sam Malinski.
19:39 of 2nd period - Shot Blocked by Logan Mailloux.
19:45 of 2nd period - Shot by Sam Malinski.
19:45 of 2nd period - Stopped by Callum Tung with a rebound.
19:47 of 2nd period - Shot by Wyatt Kaiser.
19:47 of 2nd period - Shot Misses the Net.
19:49 of 2nd period - Shot by Sam Morton.
19:49 of 2nd period - Stopped by Callum Tung with a rebound.
19:53 of 2nd period - Shot by Sam Morton.
19:53 of 2nd period - Shot Blocked by Logan Mailloux.
Goals for this period are 1 for TRENTON WHALERS vs 0 for HARTFORD MONKEYS.
Shots for this period are 20 for TRENTON WHALERS vs 15 for HARTFORD MONKEYS.

3rd period


0:01 of 3rd period - Filip Mesar wins face-off versus Daniil Miromanov in neutral zone.
0:18 of 3rd period - Shot by Logan Morrison.
0:18 of 3rd period - Stopped by Callum Tung without a rebound.
0:19 of 3rd period - Noah Ostlund wins face-off versus Henrik Rybinski in HARTFORD MONKEYS zone.
1:30 of 3rd period - Shot by Sam Morton.
1:30 of 3rd period - Stopped by Callum Tung without a rebound.
1:31 of 3rd period - Brandon Gignac wins face-off versus Taylor Ward in HARTFORD MONKEYS zone.
1:43 of 3rd period - Shot by Jason Polin.
1:43 of 3rd period - Shot Misses the Net.
1:45 of 3rd period - Shot by Jason Polin.
1:45 of 3rd period - Shot Misses the Net.
1:47 of 3rd period - Shot by Wyatt Kaiser.
1:47 of 3rd period - Shot Misses the Net.
2:05 of 3rd period - Shot by Gabriel Szturc.
2:05 of 3rd period - Shot Blocked by Keaton Middleton.
2:43 of 3rd period - Shot by Sam Morton.
2:43 of 3rd period - Shot Hit the Post.
2:45 of 3rd period - Shot by Sam Morton.
2:45 of 3rd period - Stopped by Callum Tung without a rebound.
2:46 of 3rd period - Henrik Rybinski wins face-off versus David Goyette in HARTFORD MONKEYS zone.
3:12 of 3rd period - Minor Penalty to William Trudeau for Interference.
3:13 of 3rd period - David Goyette wins face-off versus Logan Morrison in HARTFORD MONKEYS zone.
3:13 of 3rd period - David Goyette is hit by Sam Morton.
3:42 of 3rd period - Sam Morton is hit by Declan Carlile.
3:55 of 3rd period - Icing by Sam Malinski.
3:56 of 3rd period - Henrik Rybinski wins face-off versus Filip Mesar in TRENTON WHALERS zone.
3:56 of 3rd period - Henrik Rybinski is hit by Cameron Crotty.
4:27 of 3rd period - Shot by Wyatt Kaiser.
4:27 of 3rd period - Shot Blocked by Ryan Ufko.
4:36 of 3rd period - Off-side.
4:37 of 3rd period - Xavier Bourgault wins face-off versus Filip Mesar in neutral zone.
4:50 of 3rd period - Shot by Xavier Bourgault.
4:50 of 3rd period - Shot Blocked by Ryan Ufko.
4:52 of 3rd period - Shot by Sam Morton.
4:52 of 3rd period - Goal by Sam Morton - TRENTON WHALERS : 5 - HARTFORD MONKEYS : 1.
4:53 of 3rd period - Gabriel Szturc wins face-off versus David Goyette in neutral zone.
5:21 of 3rd period - Gabriel Szturc is hit by Declan Carlile and loses puck.
5:41 of 3rd period - Logan Morrison is hit by Jonas Rondbjerg and loses puck.
6:56 of 3rd period - Off-side.
6:57 of 3rd period - Gabriel Szturc wins face-off versus Noah Ostlund in neutral zone.
7:25 of 3rd period - Off-side.
7:26 of 3rd period - Gavin Brindley wins face-off versus Henrik Rybinski in neutral zone.
7:31 of 3rd period - Shot by Gavin Brindley.
7:31 of 3rd period - Goal by Gavin Brindley - TRENTON WHALERS : 5 - HARTFORD MONKEYS : 2.
7:32 of 3rd period - Henrik Rybinski wins face-off versus David Goyette in neutral zone.
7:41 of 3rd period - Shot by David Goyette.
7:41 of 3rd period - Shot Misses the Net.
7:43 of 3rd period - Shot by Ryan Ufko.
7:43 of 3rd period - Stopped by Clay Stevenson without a rebound.
7:44 of 3rd period - David Goyette wins face-off versus Gabriel Szturc in TRENTON WHALERS zone.
8:03 of 3rd period - Icing by Sam Malinski.
8:04 of 3rd period - Gabriel Szturc wins face-off versus Brandon Gignac in TRENTON WHALERS zone.
8:40 of 3rd period - Minor Penalty to Wyatt Kaiser for Hooking.
8:41 of 3rd period - Noah Ostlund wins face-off versus Cole Koepke in TRENTON WHALERS zone.
8:42 of 3rd period - Shot by Filip Mesar.
8:42 of 3rd period - Stopped by Clay Stevenson without a rebound.
8:43 of 3rd period - Cole Koepke wins face-off versus Noah Ostlund in TRENTON WHALERS zone.
8:43 of 3rd period - Cole Koepke is hit by Corey Andonovski.
8:48 of 3rd period - Cole Koepke is hit by Corey Andonovski and loses puck.
8:55 of 3rd period - Shot by Corey Andonovski.
8:55 of 3rd period - Stopped by Clay Stevenson without a rebound.
8:56 of 3rd period - Noah Ostlund wins face-off versus Cole Koepke in TRENTON WHALERS zone.
9:13 of 3rd period - Shot by Ryan Ufko.
9:13 of 3rd period - Stopped by Clay Stevenson without a rebound.
9:14 of 3rd period - David Goyette wins face-off versus Logan Morrison in TRENTON WHALERS zone.
9:14 of 3rd period - Gavin Brindley is hit by Sam Malinski and loses puck.
11:55 of 3rd period - Shot by Daniil Miromanov.
11:55 of 3rd period - Stopped by Callum Tung without a rebound.
11:56 of 3rd period - Logan Morrison wins face-off versus David Goyette in HARTFORD MONKEYS zone.
12:03 of 3rd period - Shot by Logan Morrison.
12:03 of 3rd period - Shot Misses the Net.
12:14 of 3rd period - Shot by Logan Morrison.
12:14 of 3rd period - Stopped by Callum Tung without a rebound.
12:15 of 3rd period - Massimo Rizzo wins face-off versus Noah Ostlund in HARTFORD MONKEYS zone.
12:27 of 3rd period - Icing by Declan Carlile.
12:28 of 3rd period - Noah Ostlund wins face-off versus Gabriel Szturc in HARTFORD MONKEYS zone.
12:55 of 3rd period - Noah Ostlund is hit by Taylor Ward.
13:27 of 3rd period - Shot by Sam Morton.
13:27 of 3rd period - Stopped by Callum Tung without a rebound.
13:28 of 3rd period - David Goyette wins face-off versus Henrik Rybinski in HARTFORD MONKEYS zone.
13:48 of 3rd period - Shot by David Goyette.
13:48 of 3rd period - Stopped by Clay Stevenson with a rebound.
13:50 of 3rd period - Shot by Keaton Middleton.
13:50 of 3rd period - Goal by Keaton Middleton - TRENTON WHALERS : 5 - HARTFORD MONKEYS : 3.
13:51 of 3rd period - David Goyette wins face-off versus Logan Morrison in neutral zone.
13:58 of 3rd period - Icing by Ryan Ufko.
13:59 of 3rd period - Logan Morrison wins face-off versus David Goyette in HARTFORD MONKEYS zone.
13:59 of 3rd period - Sam Morton is hit by William Trudeau and loses puck.
14:04 of 3rd period - Shot by Sam Morton.
14:04 of 3rd period - Deflect By Logan Morrison.
14:04 of 3rd period - Stopped by Callum Tung without a rebound.
14:05 of 3rd period - Henrik Rybinski wins face-off versus Noah Ostlund in HARTFORD MONKEYS zone.
14:08 of 3rd period - Shot by Daniil Miromanov.
14:08 of 3rd period - Stopped by Callum Tung with a rebound.
14:22 of 3rd period - Shot by Daniil Miromanov.
14:22 of 3rd period - Stopped by Callum Tung with a rebound.
14:49 of 3rd period - Icing by William Trudeau.
14:50 of 3rd period - Logan Morrison wins face-off versus Noah Ostlund in HARTFORD MONKEYS zone.
15:20 of 3rd period - Shot by Sam Morton.
15:20 of 3rd period - Stopped by Callum Tung with a rebound.
15:42 of 3rd period - Shot by David Goyette.
15:42 of 3rd period - Stopped by Clay Stevenson without a rebound.
15:43 of 3rd period - Gabriel Szturc wins face-off versus Gavin Brindley in TRENTON WHALERS zone.
16:03 of 3rd period - Shot by Keaton Middleton.
16:03 of 3rd period - Shot Misses the Net.
16:05 of 3rd period - Shot by Keaton Middleton.
16:05 of 3rd period - Stopped by Clay Stevenson without a rebound.
16:06 of 3rd period - Massimo Rizzo wins face-off versus Corey Andonovski in TRENTON WHALERS zone.
16:06 of 3rd period - Massimo Rizzo is hit by Corey Andonovski.
17:06 of 3rd period - Shot by Sam Morton.
17:06 of 3rd period - Shot Misses the Net.
17:08 of 3rd period - Shot by Xavier Bourgault.
17:08 of 3rd period - Stopped by Callum Tung with a rebound.
17:10 of 3rd period - Shot by Sam Morton.
17:10 of 3rd period - Stopped by Callum Tung with a rebound.
17:12 of 3rd period - Shot by Michael Benning.
17:12 of 3rd period - Stopped by Callum Tung with a rebound.
17:14 of 3rd period - Shot by Sam Morton.
17:14 of 3rd period - Shot Misses the Net.
17:16 of 3rd period - Shot by Michael Benning.
17:16 of 3rd period - Stopped by Callum Tung without a rebound.
17:17 of 3rd period - Gabriel Szturc wins face-off versus Noah Ostlund in HARTFORD MONKEYS zone.
17:59 of 3rd period - Shot by David Goyette.
17:59 of 3rd period - Shot Blocked by Daniil Miromanov.
18:28 of 3rd period - Shot by Sam Morton.
18:28 of 3rd period - Stopped by Callum Tung with a rebound.
18:34 of 3rd period - Shot by Xavier Bourgault.
18:34 of 3rd period - Stopped by Callum Tung without a rebound.
18:35 of 3rd period - Brandon Gignac wins face-off versus Massimo Rizzo in HARTFORD MONKEYS zone.
18:58 of 3rd period - Shot by Wyatt Kaiser.
18:58 of 3rd period - Shot Misses the Net.
19:34 of 3rd period - Shot by Sam Morton.
19:34 of 3rd period - Stopped by Callum Tung without a rebound.
19:35 of 3rd period - David Goyette wins face-off versus Logan Morrison in HARTFORD MONKEYS zone.
19:43 of 3rd period - David Goyette is hit by Noel Hoefenmayer and loses puck.
Goals for this period are 1 for TRENTON WHALERS vs 2 for HARTFORD MONKEYS.
Shots for this period are 18 for TRENTON WHALERS vs 9 for HARTFORD MONKEYS.